cohdb
Replays
Latest Replays
All Replays
Popular Replays
Top Player Replays
Match Explorer
How It Works
Community
CoH3 Stats
Reddit
Sign in to upload your games and track your stats! →
Sign in with Steam
Match 47087471
Unlisted
Match 47087471
Overview
Messages
Build Orders
End
Construct Section Command Post
Selects Indian Artillery Battlegroup
Infantry Section
Dingo Light Scout Car
Infantry Section
Royal Engineer Section
Construct Platoon Command Post
Selects Valour
Humber Armored Car
Infantry Training
Selects Gurkha Rifles Section
Gurkha Rifles Section
Construct Company Command Post
Gurkha Rifles Section
Matilda II Heavy Tank
Selects Volunteer Infantry
woof_raff
Friendly Mouse(Poxie)
⁂ㅣdriftx13
btbuk1
General Fury
I3ono
0
0
Comments
sign in to comment!
No comments posted yet!